 Dungeon Crawl Stone Soup version 0.30-a0-634-g8abc85282e (webtiles) character file.

Game seed: 1452319734565824227

23 Alfgan3 the Shield-Bearer (level 2, 0/29 HPs)
             Began as a Troll Fighter on Jan 14, 2023.
             Slain by a crimson imp (3 damage)
             ... summoned by Natasha
             ... on level 2 of the Dungeon.
             The game lasted 00:04:14 (910 turns).

Alfgan3 the Shield-Bearer (Troll Fighter)            Turns: 910, Time: 00:04:15

Health: 0/29       AC:  4    Str: 23    XL:     2   Next: 75%
Magic:  1/1        EV:  8    Int:  4    God:
Gold:   29         SH:  7    Dex:  9    Spells: 1/1 levels left

rFire   . . .      SeeInvis .      - Unarmed
rCold   . . .      Faith    .    b - +0 kite shield
rNeg    . . .      Spirit   .    a - +0 robe
rPois   .          Reflect  .    (helmet restricted)
rElec   .          Harm     .    (no cloak)
rCorr   .          Rampage  .    (gloves unavailable)
Will    .....                    (boots unavailable)
Stlth   +                        (no amulet)
HPRegen 1.04/turn                (no ring)
MPRegen 0.07/turn                (no ring)

@: no status effects
A: large, unfitting armour, claws 3, regeneration 1, shaggy fur 1, tough skin 1
a: no special abilities


You were on level 2 of the Dungeon.
You visited 1 branch of the dungeon, and saw 2 of its levels.

You collected 29 gold pieces.

Inventory:

Missiles
 d - 18 stones (quivered)
Armour
 a - a +0 robe (worn)
 b - a +0 kite shield (worn)
Scrolls
 e - a scroll of teleportation {unknown}
 f - a scroll of identify {unknown}
Potions
 c - a potion of might
 g - a potion of heal wounds {unknown}
 h - a potion of brilliance {unknown}
 i - 2 potions of resistance {unknown}


   Skills:
 * Level 2.7 Fighting
 + Level 2.7 Dodging
 + Level 2.9 Shields
 + Level 2.2 Unarmed Combat


You had one spell level left.
You didn't know any spells.
Your spell library contained the following spells:

 Spells                   Type           Power      Damage    Failure   Level
 Yara's Violent Unravell  Hex/Tmut       0%         3d3       100%        5
 Enfeeble                 Hex            0%         N/A       100%        7


Dungeon Overview and Level Annotations

Branches:
Dungeon (2/15)

Altars:

Annotations:
D:2 Natasha


Innate Abilities, Weirdness & Mutations

You are too large for most types of armour.
You have claws for hands.
Your natural rate of healing is unusually fast.
You are covered in fur. (AC +1)
You have tough skin. (AC +1)


Message History

You open the door.
There is an open door here.
Natasha, Servant of Life and Death comes into view.
Found 6 gold pieces.
Found a stone staircase leading down.
Natasha moves out of view.
There is an open door here.
Found a ring mail.
Natasha casts a spell.
You barely miss Natasha.
Natasha stares at you and mumbles some strange words.
The magic dart hits you!
The crimson imp blinks!
Natasha claws you. Natasha closely misses you.
You scratch Natasha but do no damage. You block Natasha's attack.
The crimson imp closely misses you.
You closely miss Natasha. Natasha claws you.
The crimson imp blinks!
Natasha stares at you and mumbles some strange words.
You resist with significant effort.
You scratch Natasha.
Natasha is lightly wounded.
The crimson imp hits you. Natasha casts a spell at you.
The magic dart hits you.
The crimson imp blinks!
Natasha claws you! Natasha attacks as you move away!
You block Natasha's attack. The crimson imp hits you.
You scratch the crimson imp.
The crimson imp is heavily wounded.
Natasha closely misses you. The crimson imp closely misses you.
You scratch the crimson imp.
The crimson imp is severely wounded.
Natasha casts a spell at you. The magic dart hits you!
* * * LOW HITPOINT WARNING * * *
You block the crimson imp's attack.
You closely miss the crimson imp.
The crimson imp is severely wounded.
Natasha stares at you and mumbles some strange words.
You resist with significant effort. The crimson imp hits you.
You die...

......####.####.#...
................#..
....#.........###.#
....#'###.....'.#.#
..............#...#
............###...#
............##[...#
.............+..h$#
...........###.>@.#
...........# #..5.#
#####'####.# #....#
#.# #.# #....# #.#
#.# #....# #.#
#....# #.# #....#
#.# #....# #####.#


You could see Natasha and a crimson imp (summoned).

Vanquished Creatures
  2 bats (D:1)
  5 endoplasms
  3 goblins (D:1)
  3 jackals (D:1)
  2 ball pythons (D:1)
  A frilled lizard (D:1)
  3 kobolds (D:1)
  A rat (D:1)
20 creatures vanquished.

Notes
Turn   | Place    | Note
-------+----------+-------------------------------------------
     0 | D:1      | Alfgan3 the Troll Fighter began the quest for the Orb.
     0 | D:1      | Reached XP level 1. HP: 22/22 MP: 0/0
   117 | D:1      | Reached XP level 2. HP: 28/29 MP: 1/1
   896 | D:2      | Noticed Natasha
   898 | D:2      | Noticed a crimson imp
   910 | D:2      | Slain by a crimson imp

Illustrated notes

Levels and vault maps discovered:
D:1:      lightli_arrival_isolated_outpost, layout_basic
D:2:      cheibrodos_fertilizer, layout_basic, basic_altar,
          ebering_ecumenical_altar_box, minmay_misc_feat_rows, uniq_natasha

Action                   || total
-------------------------++-------
Melee: Unarmed           ||    65
  Use: Scroll            ||     1
Armor: Robe              ||    38
Dodge: Dodged            ||    24
Block: Kite shield       ||    27

Table legend: (Time is in decaauts)
 A = Elapsed time spent in this place.
 B = Non-inter-level travel time spent in this place.
 C = Inter-level travel time spent in this place.
 D = Time resting spent in this place.
 E = Time spent auto-exploring this place.
 F = Levels seen in this place.
 G = Mean time per level.
                   A        B        C        D        E       F      G
               +--------+--------+--------+--------+--------+-----+--------+
         Total |    916 |    913 |      3 |      0 |      0 |   2 |  458.0 |
       Dungeon |    916 |    913 |      3 |      0 |      0 |   2 |  458.0 |
               +--------+--------+--------+--------+--------+-----+--------+

Top non-repeatable levels by time:
     D:1: 809 daAuts
     D:2: 106 daAuts
